 Dungeon Crawl Stone Soup version 0.23-a0-385-gb2d5814 (webtiles) character file.

39 Cryolive the Digger (level 3, 0/20 HPs)
             Began as a Gargoyle Earth Elementalist on Oct 27, 2018.
             Slain by a jackal (2 damage)
             ... on level 2 of the Dungeon.
             The game lasted 00:03:52 (1568 turns).

Cryolive the Digger (Gargoyle Earth Elementalist)   Turns: 1568, Time: 00:03:52

Health: 0/20       AC:  6    Str: 11    XL:     3   Next: 47%
Magic:  4/6        EV: 12    Int: 16    God:
Gold:   53         SH:  0    Dex: 10    Spells: 2/6 levels left

rFire    . . .     SeeInvis .   e - +0 club
rCold    . . .     Gourm    .   (no shield)
rNeg     + . .     Faith    .   c - +0 robe
rPois    ∞         Spirit   .   p - +0 helmet
rElec    +         Reflect  .   (no cloak)
rCorr    .         Harm     .   (no gloves)
MR       .....                  (no boots)
Stlth    ++........             (no amulet)
HPRegen  0.06/turn              (no ring)
MPRegen  0.10/turn              (no ring)

@: no status effects
A: negative energy resistance 1, electricity resistance, unbreathing,
petrification resistance, rot immunity, AC +3
a: no special abilities


You were on level 2 of the Dungeon.
You were very hungry.

You visited 1 branch of the dungeon, and saw 2 of its levels.

You collected 53 gold pieces.

Inventory:

Hand Weapons
 e - a +0 club (weapon)
Missiles
 b - 78 stones (quivered)
Armour
 c - a +0 robe (worn)
 p - a +0 helmet (worn)
Scrolls
 a - a scroll of magic mapping {unknown}
 g - 3 scrolls of immolation {unknown}
 i - 2 scrolls of enchant weapon {unknown}
 j - 2 scrolls of fog {unknown}
 k - 2 scrolls of identify {unknown}
 o - 2 scrolls of teleportation {unknown}
Potions
 f - a potion of curing {unknown}
 h - a potion of heal wounds {unknown}
 l - a potion of resistance {unknown}
 m - a potion of invisibility {unknown}
 q - a potion of mutation {unknown}
Comestibles
 d - 2 rations


   Skills:
 + Level 0.4 Fighting
 - Level 0.4 Maces & Flails
 + Level 1.2 Armour
 + Level 1.8 Dodging
 + Level 2.3 Stealth
 - Level 0.2 Unarmed Combat
 + Level 2.0 Spellcasting
 + Level 0.1 Conjurations
   Level 0.7 Transmutations
 + Level 4.4 Earth Magic


You had 2 spell levels left.
You knew the following spells:

 Your Spells              Type           Power        Failure   Level  Hunger
a - Sandblast             Erth           ###...       3%          1    #......
b - Stone Arrow           Conj/Erth      #.....       24%         3    ###....

Your spell library contained the following spells:

 Spells                   Type           Power        Failure   Level  Hunger
 Passwall                 Tmut/Erth      #.......     11%         2    ###....
 Petrify                  Tmut/Erth      #.......     58%         4    #####..
 Lee's Rapid Deconstruct  Erth           ###.......   67%         5    ######.


Dungeon Overview and Level Annotations

Branches:
Dungeon (2/15)

Altars:
Okawaru


Innate Abilities, Weirdness & Mutations

You are resistant to torment.
Your stone body is resilient. (AC +3)
You are immune to poison.
You resist negative energy. (rN+)
You are resistant to electric shocks. (rElec)
You can survive without breathing.
You are immune to petrification.
You are immune to rotting.


Message History

Aiming: Sandblast (safe; 3% risk of failure)
Press: ? - help, Shift-Dir - straight line, f - jackal
Aim: a jackal The blast of sand misses the jackal.
b - 79 stones The jackal barely misses you.
The jackal bites you but does no damage.
Casting: Sandblast (safe; 3% risk of failure)
Confirm with . or Enter, or press ? or * to list all spells.
Aiming: Sandblast (safe; 3% risk of failure)
Press: ? - help, Shift-Dir - straight line, f/p - jackal
Aim: a jackal The blast of sand hits the jackal.
The jackal is severely wounded.
b - 78 stones The jackal barely misses you.
You closely miss the jackal.
The jackal is severely wounded.
The jackal barely misses you. The jackal bites you.
You die...

#.#..... #........# ##.##.##..#
##..#...#..# #+ ...........# #.
######+##### #....._....## #.
#..........# ##..........#
#.##..........#
#..#...#...###.##.......$..#####
##.##.##.......@h..............#
#.......##.##.##......!...#.#..
###...####.##.##.............#.
##### #..#.#########........
##.#.# #...P..P.. #...#
#......... ##..# #..P......P
#..# #.......... #..#
#.$........


You could see a jackal.

Vanquished Creatures
  An adder (D:2)
  A dart slug (D:1)
  A leopard gecko (D:1)
  4 goblins
  4 hobgoblins (D:1)
  3 jackals (D:2)
  A quokka (D:2)
  5 bats
  A kobold (D:1)
  4 rats
25 creatures vanquished.

Notes
Turn   | Place    | Note
-------+----------+-------------------------------------------
     0 | D:1      | Cryolive the Gargoyle Earth Elementalist began the quest
                  | for the Orb.
     0 | D:1      | Reached XP level 1. HP: 10/10 MP: 3/3
   101 | D:1      | Reached skill level 4 in Earth Magic
   101 | D:1      | Reached XP level 2. HP: 3/15 MP: 5/5
   793 | D:1      | Reached skill level 1 in Armour
  1055 | D:2      | Found an iron altar of Okawaru.
  1145 | D:2      | Reached XP level 3. HP: 9/19 MP: 6/6
  1150 | D:2      | Learned a level 3 spell: Stone Arrow
  1568 | D:2      | Slain by a jackal

Vault maps used:
D:1:      dpeg_arrival_rooms_c, serial_glass, glass_columns_a, glass_columns_b
D:2:      okawaru_gym_becter, minmay_misc_feat_plants

Skill      XL: |  1  2 |
---------------+-------+-----
Earth Magic    | 4 |  4.4
Armour         | 1 |  1.2
Fighting       | |  0.4
Maces & Flails | |  0.4
Dodging        | |  1.8
Stealth        | |  2.3
Unarmed Combat | |  0.2
Spellcasting   | |  2.0
Conjurations   | |  0.1
Transmutations | |  0.7

Action                   || total
-------------------------++-------
Melee: Club              ||   167
       Unarmed           ||     2
 Cast: Sandblast         ||     5
 Stab: Sleeping          ||     3
  Eat: Chunk             ||     1
Armor: Robe              ||    87
Dodge: Dodged            ||   170

Table legend:
 A = Non-vault XP
 B = Vault XP
 C = Vault XP percentage of total XP
 D = Non-vault monster count
 E = Vault monster count
 F = Vault count percentage of total count
                 A         B        C        D         E       F
            +---------+---------+-------+---------+---------+-------
      Total |      57 |       0 |   0.0 |      25 |       0 |   0.0
            +---------+---------+-------+---------+---------+-------
        D:1 |      31 |       0 |   0.0 |      17 |       0 |   0.0
        D:2 |      26 |       0 |   0.0 |       8 |       0 |   0.0
            +---------+---------+-------+---------+---------+-------
